 Dungeon Crawl Stone Soup version 0.31-a0-1278-g11c5b68f87 (webtiles) character file.

Game seed: 3081502500637374963

105832 Jeffwins the Summoner (level 16, -11/95 HPs)
             Began as a Tengu Summoner on Dec 17, 2023.
             Was a High Priest of Vehumet.
             Killed from afar by Aizul (40 damage)
             ... with a bolt of poison
             ... on level 1 of the Shoals on Dec 18, 2023.
             The game lasted 01:29:27 (26765 turns).

Jeffwins the Summoner (Tengu Summoner)             Turns: 26765, Time: 01:29:27

Health: -11/95     AC:  5    Str:  9    XL:     16   Next: 42%
Magic:  20/32      EV: 20    Int: 22    God:    Vehumet [*****.]
Gold:   161        SH:  9    Dex: 16    Spells: 0/38 levels left

rFire   . . .        O - +0 trident (venom)
rCold   . . .        w - +0 buckler
rNeg    . . .        Y - +0 troll leather armour
rPois   .            R - +1 hat
rElec   .            t - +0 cloak
rCorr   .            (no gloves)
SInv    +            (boots unavailable)
Will    +....        A - amulet of reflection
Stlth   +++          Z - ring of wizardry
HPRegen 1.15/turn    v - ring of see invisible
MPRegen 0.23/turn

%: reflection, acrobat, wizardry (x1)
@: lethally poisoned (-11 -> -25), flying
A: beak, talons 3, evasive flight, acrobatic
a: Renounce Religion


You were on level 1 of the Shoals.
You worshipped Vehumet.
Vehumet was extremely pleased with you.
You visited 6 branches of the dungeon, and saw 25 of its levels.
You also visited: Bailey.

You collected 2030 gold pieces.
You spent 1869 gold pieces at shops.


Innate Abilities, Weirdness & Mutations

You have a beak for a mouth.
You have claws for feet.
Your magical flight helps you evade attacks. (EV +4)
You can magically evade attacks while moving or waiting.


   Skills:
 + Level 8.8 Fighting
 * Level 10.5(10.6) Polearms
 - Level 1.9(6.9) Staves
 - Level 2.0 Throwing
 + Level 0.6 Armour
 + Level 9.7 Dodging
 + Level 5.1 Stealth
 + Level 0.4 Shields
 * Level 11.6 Spellcasting
 - Level 6.2 Conjurations
 + Level 2.1 Hexes
 * Level 14.9 Summonings
 * Level 8.1 Necromancy
 - Level 4.0 Translocations
 * Level 4.4 Ice Magic
 * Level 12.5 Air Magic
 + Level 1.5 Earth Magic
 + Level 8.4 Evocations


You couldn't memorise any spells.
You knew the following spells:

 Your Spells              Type           Power      Damage    Failure   Level
b - Orb of Destruction    Conj           20%        9d8       50%         7
c - Summon Mana Viper     Hex/Summ       50%        N/A       4%          5
d - Lee's Rapid Deconstr  Erth           9%         3d7*      16%         5
s - Summon Lightning Spi  Summ/Air       65%        N/A       1%          4
v - Haunt                 Necr/Summ      29%        N/A       32%         7
x - Call Canine Familiar  Summ           68%        N/A       1%          3
z - Freezing Cloud        Conj/Ice/Air   23%        6-21      1%          5
I - Blink                 Tloc           60%        N/A       1%          2

Your spell library contained the following spells:

 Spells                   Type           Power      Damage    Failure   Level
 Apportation              Tloc           60%        N/A       1%          1
 Foxfire                  Conj/Fire      100%       2x1d9     1%          1
 Freeze                   Ice            100%       1d10      1%          1
 Sandblast                Erth           38%        2d10      1%          1
 Slow                     Hex            88%        N/A       1%          1
 Summon Small Mammal      Summ           100%       N/A       1%          1
 Call Imp                 Summ           100%       N/A       1%          2
 Ensorcelled Hibernation  Hex/Ice        54%        N/A       1%          2
 Lesser Beckoning         Tloc           60%        N/A       1%          2
 Momentum Strike          Conj/Tloc      70%        3d9       1%          2
 Frozen Ramparts          Ice            64%        1d10      1%          3
 Hailstorm                Conj/Ice       36%        3d9       1%          3
 Mephitic Cloud           Conj/Pois/Air  40%        N/A       1%          3
 Summon Guardian Golem    Hex/Summ       50%        N/A       1%          3
 Swiftness                Air            61%        N/A       1%          3
 Vampiric Draining        Necr           48%        2d9       1%          3
 Animate Dead             Necr           48%        N/A       1%          4
 Vhi's Electric Charge    Tloc/Air       98%        N/A       1%          4
 Arcjolt                  Conj/Air       26%        1d36      1%          5
 Jinxbite                 Hex            44%        N/A       2%          2
 Passwall                 Tmut/Erth      13%        N/A       4%          2
 Confusing Touch          Hex            22%        N/A       6%          3
 Sigil of Binding         Hex            22%        N/A       6%          3
 Anguish                  Hex/Necr       17%        N/A       6%          4
 Plasma Beam              Fire/Air       20%        2x1d32    13%         6
 Cause Fear               Hex            11%        N/A       17%         4
 Maxwell's Capacitive Co  Air            30%        ∞         36%         8
 Starburst                Conj/Fire      13%        6d5       38%         6
 Alistair's Intoxication  Tmut/Pois      8%         N/A       73%         5
 Enfeeble                 Hex            11%        N/A       100%        7
 Infestation              Necr           24%        N/A       100%        8

Inventory:

Hand Weapons
 a - a +1 halberd of draining
 b - a +2 halberd of electrocution
 c - the +7 hand axe of Nikuyreu {freeze, *Corrode Will+++ Int-5 Stlth+}
   (You found it on level 4 of the Dungeon)

   Int-5:     It affects your intelligence (-5).
   Will+++:   It greatly increases your willpower.
   *Corrode:  It may corrode you when you take damage.
   Stlth+:    It makes you more stealthy.
 L - a +4 hand axe of flaming
 O - a +0 trident of venom (weapon)
 P - a +0 trident of pain
Missiles
 e - 11 curare-tipped darts {=f}
 j - 28 poisoned darts
 I - a throwing net {=f}
Armour
 t - a +0 cloak (worn)
 w - a +0 buckler (worn)
 x - a +2 robe of cold resistance
 R - a +1 hat (worn)
 X - the +1 robe of Indemnity {rPois Int+4 Slay+3}
   (You found it on level 4 of the Lair of Beasts)

   Int+4:     It affects your intelligence (+4).
   Slay+3:    It affects your accuracy & damage with ranged weapons and melee
   (+3).
   rPois:     It protects you from poison
 Y - a +0 troll leather armour (worn)
Jewellery
 v - a ring of see invisible (right hand)
 A - an amulet of reflection (around neck)
 F - a ring of fire
 N - a ring of positive energy
 Z - a ring of wizardry (left hand)
Wands
 h - a wand of charming (11)
 K - a wand of mindburst (2)
 M - a wand of quicksilver (20)
 S - a wand of flame (40)
 W - a wand of digging (5)
Scrolls
 d - 3 scrolls of revelation
 f - 3 scrolls of vulnerability {!r}
 k - 3 scrolls of immolation {!r}
 l - 6 scrolls of poison {!r}
 n - a scroll of identify {@r1}
 p - 5 scrolls of teleportation {@r4}
 q - 3 scrolls of enchant armour
 r - a scroll of blinking
 y - 4 scrolls of enchant weapon
 C - 2 scrolls of torment {!r}
 G - 6 scrolls of fear
 H - a scroll of brand weapon
 V - 2 scrolls of amnesia
Potions
 g - 13 potions of heal wounds {@q2}
 i - 3 potions of cancellation
 m - 6 potions of haste {@q3}
 o - 3 potions of berserk rage {!q}
 s - 2 potions of enlightenment
 u - 5 potions of lignification {!q}
 z - 10 potions of magic
 B - 6 potions of brilliance
 D - 4 potions of might
 E - 2 potions of ambrosia
 J - 8 potions of curing {@q1}
 Q - 3 potions of mutation {!q}
 T - 3 potions of invisibility
 U - a potion of resistance

Dungeon Overview and Level Annotations

Branches:
Dungeon (15/15)            Temple (1/1) D:7            Lair (5/5) D:11
 Shoals (1/4) Lair:2        Snake (0/4) Lair:3        Slime (1/5) Lair:5
    Orc (2/2) D:10            Elf (0/3) Orc:2        Vaults (0/5) D:13
 Depths (0/4) D:15         Bailey (visited)

Altars:
Ashenzari
Cheibriados
Dithmenos
Elyvilon
Fedhas
Gozag
Hepliaklqana
Kikubaaqudgha
Makhleb
Nemelex Xobeh
Okawaru
Qazlal
Ru
Sif Muna
Trog
Uskayaw
Vehumet
Wu Jian
Xom
Yredelemnul
Zin
The Shining One
Jiyva

Shops:
D:1 =   D:8 *   D:13 ?!   D:15 !   Orc:1 ?   Orc:2 :((*

Annotations:
D:7 2 transporters, exclusion: oklob plant, Phlounder's ghost, novice DjCA
Shoals:1 Aizul

.#▒ ..### .~~~~~~≈~..~~.
..... ~~~~(~~~~≈~~...
..# ~~~~~~~~~~WW~..# .#
...~~≈≈≈≈≈WSW~.># .##
##.~≈≈≈~~≈≈≈≈≈~~.#▒#
..###.~~≈≈~~~~~~S≈~~~...
...~~~~≈≈≈~~~~~~~.......
..~~~~~≈≈≈~~~~~~@..~....
~..~~~~≈≈≈~~~....##..#▒#
~~~~~~≈≈≈≈≈~~....##. ▒
~~~~~~~~~≈≈~~~~(...#
†~~~~~~~~≈≈≈~~~~~.##
.~~~~~~~~≈≈≈~~~~~.#
~~~~~~~~~≈≈≈~~~~~##
#~~~~~~~~≈≈~~~~~.#
#...~~~~~≈≈~~~~~.#


You could see Aizul (ally target), a friendly phantasmal warrior (summoned), a
friendly mana viper (summoned) and 3 friendly wraiths.


Message History

Confirm with . or Enter, or press ? or * to list all spells.
A mana viper appears with a sibilant hiss.
You feel very sick.
Unknown command.
Casting: Summon Mana Viper (dangerous; 4% risk of failure)
Confirm with . or Enter, or press ? or * to list all spells.
Aiming: Haunt (quite dangerous; 32% risk of failure)
Press: ? - help, Dir - move target, f - Aizul
Aim: Aizul (ally target) Insubstantial figures form in the air.
You feel very sick.
Aizul coils herself and waves her upper body at you.
The bolt of poison hits you!!
You are more poisoned.
Unknown command.
You feel extremely sick. Aizul casts a spell at you.
The bolt of poison misses your mana viper.
The bolt of poison hits you!!
You are more poisoned.
* * * LOW HITPOINT WARNING * * *
Your wraith hits Aizul but does no damage.
Your wraith closely misses Aizul.
Unknown command.
You feel better. Aizul casts a spell at you.
The bolt of poison hits your mana viper!
The bolt of poison hits you!!!
You are poisoned.
You die...

Skill      XL: |  1  2  3  4  5  6  7  8  9 10 11 12 13 14 15 16 |
---------------+-------------------------------------------------+-----
Summonings     | 5 6 7 9 10 11 12 13 14 | 14.9
Fighting       | 1 2 3 4 5 6 7 8 |  8.8
Spellcasting   | 3 4 5 6 7 8 9 10 11 | 11.6
Dodging        | 3 4 5 6 7 8 9 |  9.7
Air Magic      | 1 2 3 5 7 9 10 11 12 | 12.5
Stealth        | 3 4 5 |  5.1
Evocations     | 1 2 3 4 5 6 7 8 |  8.4
Polearms       | 1 5 6 8 9 10 | 10.5
Translocations | 2 3 4 |  4.0
Necromancy     | 3 5 6 8 |  8.1
Conjurations   | 3 6 |  6.2
Ice Magic      | 2 4 |  4.4
Throwing       | 2 |  2.0
Staves         | 1 |  1.9
Earth Magic    | 1 |  1.5
Hexes          | 2 |  2.1
Armour         | |  0.6
Shields        | |  0.4

Action                     |  1- 3 |  4- 6 |  7- 9 | 10-12 | 13-15 | 16-18 || total
---------------------------+-------+-------+-------+-------+-------+-------++-------
  Melee: Unarmed           |     8 |       |       |       |       |       ||     8
         Flail             |    18 |       |    65 |    54 |       |       ||   137
         Kick              |    19 |     6 |    55 |    83 |   180 |    16 ||   359
         Dagger            |    39 |    15 |       |       |       |       ||    54
         Peck              |     7 |     9 |    37 |    51 |   119 |    15 ||   238
         Punch             |     1 |       |     5 |       |       |       ||     6
         Short sword       |       |    22 |   101 |     4 |       |       ||   127
         Halberd           |       |       |       |   268 |   570 |    46 ||   884
         Trident           |       |       |       |       |       |    19 ||    19
         Hand axe          |       |       |       |       |       |     5 ||     5
   Cast: Summon Small Mamm |     3 |       |     4 |     1 |     4 |       ||    12
         Call Imp          |     2 |     7 |    34 |    78 |    83 |     2 ||   206
         Call Canine Famil |     1 |     5 |    30 |    65 |    81 |    11 ||   193
         Summon Lightning  |       |     1 |    11 |    30 |    41 |     2 ||    85
         Freezing Cloud    |       |       |       |       |   104 |    25 ||   129
         Blink             |       |       |       |       |     1 |     1 ||     2
         Summon Mana Viper |       |       |       |       |    40 |    17 ||    57
         Haunt             |       |       |       |       |     1 |     2 ||     3
  Evoke: Wand              |       |       |       |     7 |    17 |     2 ||    26
    Use: Scroll            |     1 |       |     4 |     9 |    13 |     5 ||    32
         Potion            |       |       |       |       |     1 |     1 ||     2
   Stab: Sleeping          |     9 |     4 |     5 |    11 |     3 |     1 ||    33
         Distracted        |       |       |     1 |    19 |    17 |     1 ||    38
         Petrified         |       |       |       |       |       |     3 ||     3
 Armour: Robe              |    14 |    13 |    79 |    51 |       |       ||   157
         Troll leather arm |       |       |       |    89 |   240 |    23 ||   352
  Dodge: Dodged            |    34 |    27 |   203 |   331 |   396 |    33 ||  1024
  Block: Other             |       |       |       |       |    43 |     3 ||    46
         Reflection        |       |       |       |       |    10 |     7 ||    17
         Buckler           |       |       |       |       |       |     8 ||     8

Levels and vault maps discovered:
D:1:      eino_arrival_cavern_e, layout_rooms, serial_shops, shop,
          chequers_ecumenical_altar_grove
D:2:      layout_loops_ring
D:3:      layout_loops_ring
D:4:      kennysheep_big_flooded_room, layout_basic, overflow_temple_1_default,
          okawaru_ov_weapons_minmay, uniq_natasha
D:5:      layout_basic, uniq_crazy_yiuf_cottage
D:6:      layout_basic, kennysheep_little_box, lemuel_doored_altar,
          nicolae_ru_awakened_eye, uniq_edmund
D:7:      layout_layer_cave, minmay_temple_entry_slanted, nzn_ghost_randoct,
          nicolae_tricolors, uniq_duvessa
D:8:      layout_loops_corners, mainiacjoe_overflow_alcove_1, enter_bailey_6,
          serial_shops, kennysheep_mini, uniq_gastronok
D:9:      layout_gridville, serial_co_window_serial, co_window_paths_b,
          co_window_paths_a, co_window_paths_a, co_window_paths_b,
          co_window_of_opportunity_a, co_window_paths_b, co_window_paths_b,
          co_window_of_opportunity_c, co_window_corner_cb,
          co_window_of_opportunity_c, co_window_paths_c, co_window_corner_b,
          co_window_of_opportunity_b, co_window_4corner_a, co_window_4corner_b,
          glass_columns_b, glass_columns_c, glass_columns_a, glass_columns_c
D:10:     layout_basic, orc_0_dummy, uniq_harold, uniq_maggie
D:11:     layout_roguey, minmay_lair_entry_lava, kennysheep_generic_room_5,
          uniq_snorg
D:12:     layout_loops_cross
D:13:     layout_irregular_city, david_vaults_1, serial_shops,
          nicolae_shop_rolled_up, shop, uniq_azrael
D:14:     layout_loops_ring, serial_bayou, serial_bayou_pond_b,
          serial_bayou_ford_a, serial_bayou_lake_a, serial_bayou_crossing,
          serial_bayou_pond_d, nicolae_elyvilon_peaceful_grove
D:15:     hangedman_depths_entry_civil_slaughter, layout_stronghold,
          serial_shops, nicolae_shop_stone, dreamdust_mushroom_princess
Temple:   kb_temple_of_zot
Lair:1:   layout_small_grid, grunt_megastairs_4, lemuel_fruit_tree,
          serial_bayou_shore_a, infiniplex_staircase_pool
Lair:2:   layout_long_grid, mainiacjoe_shoals_entry_four_pools,
          grunt_megastairs_5
Lair:3:   layout_misc_corridors, nicolae_snake_entry_squirm,
          roderic_carrion_pond
Lair:4:   layout_gridlike, serial_bayou_shore_b, grunt_megastairs_2,
          serial_bayou_shore_b
Lair:5:   evilmike_catoblepas_cave, layout_hall_layers, slime_entry_1,
          st_stairs_6, chequers_serial_rivers_large_a,
          grunt_forest_large_clearings, uniq_nessos, uniq_sonja
Shoals:1: layout_shoals, ebering_ghost_gozag, uniq_aizul
Slime:1:  layout_caves, cheibrodos_slime_lost_civilization_7
Orc:1:    layout_caves, serial_shops, shop, basic_altar, nicolae_orc_damp_corner
Orc:2:    st_orc_mages, layout_caves, led_sif_book

Notes
Turn   | Place    | Note
-------+----------+-------------------------------------------
     0 | D:1      | Jeffwins the Tengu Summoner began the quest for the Orb.
     0 | D:1      | Reached XP level 1. HP: 10/10 MP: 4/4
   158 | D:1      | Reached XP level 2. HP: 16/16 MP: 6/6
   172 | D:1      | Found Eseum's Jewellery Shoppe.
   270 | D:1      | Reached skill level 5 in Summonings
   293 | D:1      | Found a faded altar of an unknown god.
   587 | D:2      | Reached XP level 3. HP: 15/20 MP: 7/7
   590 | D:2      | Learned a level 2 spell: Call Imp
   594 | D:2      | Learned a level 3 spell: Call Canine Familiar
   671 | D:2      | Reached skill level 1 in Fighting
  1441 | D:3      | Reached XP level 4. HP: 25/25 MP: 7/9
  1566 | D:3      | Reached skill level 3 in Spellcasting
  1566 | D:3      | Reached XP level 5. HP: 22/29 MP: 8/10
  2032 | D:4      | Noticed an ogre
  2032 | D:4      | Noticed a phantom
  2074 | D:4      | Noticed a black bear
  2082 | D:4      | Learned a level 4 spell: Summon Lightning Spire
  2095 | D:4      | Killed a black bear
  2096 | D:4      | Reached skill level 3 in Dodging
  2096 | D:4      | Reached skill level 6 in Summonings
  2096 | D:4      | Reached skill level 1 in Air Magic
  2096 | D:4      | Reached XP level 6. HP: 35/35 MP: 7/11
  2170 | D:4      | Noticed Natasha
  2176 | D:4      | Killed Natasha
  2177 | D:4      | Reached skill level 3 in Stealth
  2236 | D:4      | Reached skill level 2 in Fighting
  2236 | D:4      | Reached skill level 2 in Air Magic
  2236 | D:4      | Reached skill level 1 in Evocations
  2270 | D:4      | Identified the +7 hand axe of Nikuyreu {freeze, *Corrode
                  | Will+++ Int-5 Stlth+}
  2358 | D:4      | Found an iron altar of Okawaru.
  2535 | D:4      | Noticed a sky beast
  2543 | D:4      | Gained mutation: Your magical flight helps you evade
                  | attacks. (EV +4) [Tengu growth]
  2543 | D:4      | Reached XP level 7. HP: 23/40 MP: 8/13
  2559 | D:4      | Noticed Natasha
  2566 | D:4      | Killed Natasha
  2593 | D:4      | Reached skill level 3 in Air Magic
  2793 | D:5      | Entered Level 5 of the Dungeon
  2812 | D:5      | Reached skill level 4 in Spellcasting
  2905 | D:5      | Reached skill level 2 in Evocations
  2989 | D:5      | Reached XP level 8. HP: 26/45 MP: 6/15
  2992 | D:5      | Reached skill level 4 in Air Magic
  2994 | D:5      | Reached skill level 7 in Summonings
  3130 | D:5      | Reached skill level 3 in Fighting
  3138 | D:4      | Noticed Natasha
  3204 | D:4      | Killed Natasha
  3205 | D:4      | Reached skill level 4 in Dodging
  3444 | D:4      | Found an ornate altar of the Wu Jian Council.
  3473 | D:4      | Reached skill level 4 in Stealth
  3838 | D:5      | Reached skill level 5 in Air Magic
  4075 | D:5      | Found a runed translucent door.
  4076 | D:5      | Noticed Crazy Yiuf
  4085 | D:5      | Killed Crazy Yiuf
  4185 | D:5      | Reached skill level 5 in Spellcasting
  4371 | D:6      | Reached skill level 3 in Evocations
  4371 | D:6      | Reached XP level 9. HP: 51/51 MP: 11/17
  4518 | D:6      | Found a sacrificial altar of Ru.
  4527 | D:6      | Noticed Edmund
  4537 | D:6      | Killed Edmund
  4538 | D:6      | Reached skill level 8 in Summonings
  4672 | D:6      | Reached skill level 6 in Air Magic
  4962 | D:6      | Found an ancient bone altar of Kikubaaqudgha.
  5149 | D:6      | Found a snail-covered altar of Cheibriados.
  5330 | D:7      | Noticed an oklob plant
  5383 | D:7      | Found a transporter.
  5387 | D:7      | Found a transporter.
  5388 | D:7      | Noticed Phlounder's ghost (novice DjCA)
  5424 | D:7      | HP: 1/52 [something (6)]
  5692 | D:7      | Noticed Duvessa
  5693 | D:7      | Noticed Dowan
  5707 | D:7      | Killed Dowan
  5708 | D:7      | Killed Duvessa
  5875 | D:7      | Reached skill level 4 in Fighting
  5875 | D:7      | Reached skill level 5 in Dodging
  6027 | D:7      | Reached skill level 7 in Air Magic
  6050 | D:7      | Reached skill level 5 in Stealth
  6448 | D:7      | Reached skill level 6 in Spellcasting
  6566 | D:7      | Found a staircase to the Ecumenical Temple.
  6609 | Temple   | Entered the Ecumenical Temple
  6672 | Temple   | Became a worshipper of Vehumet
  6752 | D:8      | Reached skill level 9 in Summonings
  6752 | D:8      | Reached XP level 10. HP: 49/57 MP: 11/20
  6901 | D:8      | Found a stormy altar of Qazlal.
  7077 | D:8      | Reached skill level 4 in Evocations
  7102 | D:8      | Noticed Gastronok
  7117 | D:8      | Killed Gastronok
  7118 | D:8      | Reached skill level 8 in Air Magic
  7212 | D:8      | Found Otauqudgh's Assorted Antiques.
  7325 | D:8      | Reached skill level 5 in Fighting
  7359 | D:8      | Found a flagged portal.
  7368 | Bailey   | Entered a bailey
  7517 | Bailey   | Reached * piety under Vehumet
  7517 | Bailey   | Offered knowledge of Sandblast by Vehumet.
  8158 | D:8      | Noticed a two-headed ogre
  8201 | D:8      | Killed a two-headed ogre
  8202 | D:8      | Reached skill level 1 in Polearms
  8202 | D:8      | Reached skill level 6 in Dodging
  8202 | D:8      | Reached skill level 7 in Spellcasting
  8202 | D:8      | Reached skill level 10 in Summonings
  8202 | D:8      | Reached skill level 9 in Air Magic
  8544 | D:8      | Reached XP level 11. HP: 64/64 MP: 12/22
  8550 | D:8      | Reached skill level 2 in Polearms
  8745 | D:8      | Reached skill level 5 in Evocations
  8809 | D:8      | Bought an orange potion for 25 gold pieces
  8809 | D:8      | Bought a scroll of identify for 56 gold pieces
  8809 | D:8      | Bought a potion of magic for 224 gold pieces
  9096 | D:9      | Noticed a two-headed ogre
  9107 | D:9      | Killed a two-headed ogre
  9108 | D:9      | Reached skill level 3 in Polearms
  9536 | D:9      | Reached ** piety under Vehumet
  9556 | D:9      | Offered knowledge of Static Discharge by Vehumet.
  9927 | D:10     | Entered Level 10 of the Dungeon
 10063 | D:10     | Noticed Harold
 10067 | D:10     | Reached skill level 10 in Air Magic
 10086 | D:10     | Killed Harold
 10087 | D:10     | Reached skill level 4 in Polearms
 10179 | D:10     | Noticed Maggie
 10190 | D:10     | Killed Maggie
 10191 | D:10     | Reached skill level 11 in Summonings
 10226 | D:10     | Found a staircase to the Orcish Mines.
 10491 | D:10     | Reached skill level 6 in Fighting
 10719 | D:11     | Found a staircase to the Lair.
 10719 | D:11     | Noticed a fire crab
 10727 | D:11     | Killed a fire crab
 10728 | D:11     | Reached skill level 8 in Spellcasting
 10843 | D:11     | Offered knowledge of Momentum Strike by Vehumet.
 10990 | D:11     | Noticed Snorg
 11005 | D:11     | Killed Snorg
 11006 | D:11     | Reached skill level 5 in Polearms
 11006 | D:11     | Reached XP level 12. HP: 67/70 MP: 18/25
 11070 | D:11     | Reached skill level 7 in Dodging
 11107 | D:11     | Noticed a six-headed hydra
 11116 | D:11     | Killed a six-headed hydra
 11394 | D:11     | Reached skill level 11 in Air Magic
 11447 | D:11     | Reached *** piety under Vehumet
 11510 | D:11     | Noticed a boulder beetle
 11512 | D:11     | Noticed a two-headed ogre
 11536 | D:11     | Killed a two-headed ogre
 11537 | D:11     | Reached skill level 6 in Evocations
 11541 | D:11     | Killed a boulder beetle
 11771 | D:12     | Reached skill level 6 in Polearms
 11812 | D:12     | Noticed an ogre mage
 11819 | D:12     | Noticed a two-headed ogre
 12031 | D:12     | Offered knowledge of Sticky Flame by Vehumet.
 12032 | D:12     | Reached skill level 12 in Summonings
 12087 | D:12     | Noticed a two-headed ogre
 12087 | D:12     | Noticed a two-headed ogre
 12485 | D:12     | HP: 2/71 [enormous slime creature (69)]
 12720 | D:12     | Noticed a two-headed ogre
 12942 | D:12     | Learned a level 2 spell: Blink
 13087 | D:12     | Killed a two-headed ogre
 13094 | D:12     | Killed a two-headed ogre
 13095 | D:12     | Reached skill level 9 in Spellcasting
 13099 | D:12     | Killed an ogre mage
 13100 | D:12     | Reached XP level 13. HP: 64/76 MP: 11/27
 13102 | D:12     | Reached skill level 7 in Fighting
 13102 | D:12     | Reached skill level 12 in Air Magic
 13115 | D:12     | Reached skill level 1 in Translocations
 13248 | D:13     | Reached skill level 7 in Polearms
 13308 | D:13     | Noticed an entropy weaver
 13315 | D:13     | Killed an entropy weaver
 13614 | D:13     | Reached skill level 8 in Dodging
 13630 | D:13     | Reached **** piety under Vehumet
 13725 | D:13     | Noticed Azrael
 13741 | D:13     | Killed Azrael
 13943 | D:13     | Found a gate to the Vaults.
 13961 | D:13     | Offered knowledge of Yara's Violent Unravelling by Vehumet.
 14004 | D:13     | Learned a level 7 spell: Haunt
 14181 | D:13     | Found Giulluso's Distillery.
 14224 | D:13     | Bought 2 potions of might for 120 gold pieces
 14224 | D:13     | Bought a potion of curing for 45 gold pieces
 14224 | D:13     | Bought a potion of heal wounds for 75 gold pieces
 14224 | D:13     | Bought a potion of haste for 150 gold pieces
 14281 | D:13     | Found Jeigh's Magic Scroll Emporium.
 14284 | D:13     | Bought a scroll of amnesia for 72 gold pieces
 14321 | D:13     | Reached skill level 2 in Translocations
 14328 | D:13     | Reached skill level 13 in Summonings
 14340 | D:13     | Reached skill level 1 in Necromancy
 14549 | Lair:1   | Entered Level 1 of the Lair of Beasts
 14599 | Lair:1   | Reached skill level 7 in Evocations
 15458 | Lair:2   | Reached skill level 2 in Necromancy
 15599 | Lair:2   | Reached skill level 8 in Polearms
 16101 | Lair:2   | Reached skill level 3 in Necromancy
 16242 | Lair:2   | Found a staircase to the Shoals.
 16766 | Lair:3   | Reached XP level 14. HP: 80/83 MP: 24/28
 16774 | Lair:3   | Reached skill level 10 in Spellcasting
 17148 | Lair:3   | Reached ***** piety under Vehumet
 17154 | Lair:3   | Offered knowledge of Freezing Cloud by Vehumet.
 17155 | Lair:3   | Reached skill level 4 in Necromancy
 17245 | Lair:3   | Reached skill level 3 in Translocations
 17257 | Lair:3   | Found a staircase to the Snake Pit.
 17853 | Lair:4   | Learned a level 5 spell: Freezing Cloud
 18020 | Lair:4   | Reached skill level 8 in Fighting
 18127 | Lair:4   | Reached skill level 1 in Conjurations
 18133 | Lair:4   | Reached skill level 9 in Polearms
 18351 | Lair:4   | Reached skill level 1 in Ice Magic
 18466 | Lair:4   | Identified the +1 robe of Indemnity {rPois Int+4 Slay+3}
 18683 | Lair:5   | Entered Level 5 of the Lair of Beasts
 18689 | Lair:5   | Reached skill level 2 in Conjurations
 18721 | Lair:5   | Noticed Nessos
 18897 | Lair:5   | Killed Nessos
 18902 | Lair:5   | HP: 8/84 [poisoned by Nessos]
 18907 | Lair:4   | HP: 6/84 [poisoned by Nessos]
 18999 | Lair:5   | Reached skill level 9 in Dodging
 19053 | Lair:5   | Reached skill level 14 in Summonings
 19053 | Lair:5   | Reached skill level 5 in Necromancy
 19325 | Lair:5   | Offered knowledge of Lee's Rapid Deconstruction by Vehumet.
 19326 | Lair:5   | Reached skill level 3 in Conjurations
 19350 | Lair:5   | Reached skill level 2 in Ice Magic
 19747 | Lair:5   | Reached skill level 8 in Evocations
 19848 | Lair:5   | Noticed Sonja
 19851 | Lair:5   | Killed Sonja
 19941 | Lair:5   | Learned a level 5 spell: Lee's Rapid Deconstruction
 19999 | Lair:5   | Reached XP level 15. HP: 80/88 MP: 21/30
 20061 | Lair:5   | Reached skill level 4 in Conjurations
 20304 | Lair:5   | Reached skill level 3 in Ice Magic
 20469 | Lair:5   | Got the Essays on Productive Pestilence
 20684 | Lair:5   | Found a staircase to the Slime Pits.
 20685 | Lair:5   | Found a viscous altar of Jiyva.
 20768 | Lair:5   | Learned a level 5 spell: Summon Mana Viper
 20896 | Slime:1  | Entered Level 1 of the Pits of Slime
 21199 | Orc:1    | Entered Level 1 of the Orcish Mines
 21199 | Orc:1    | Noticed an orc warlord
 21215 | Orc:1    | Reached skill level 1 in Throwing
 21467 | Orc:1    | Reached skill level 6 in Necromancy
 21470 | Orc:1    | Found Xaepadun's Magic Scroll Shop.
 21482 | Orc:1    | Bought a scroll of fear for 52 gold pieces
 21482 | Orc:1    | Bought a scroll of fear for 52 gold pieces
 21482 | Orc:1    | Bought a scroll of identify for 26 gold pieces
 21482 | Orc:1    | Bought a scroll of revelation for 97 gold pieces
 21482 | Orc:1    | Bought a scroll of enchant armour for 97 gold pieces
 21615 | Orc:1    | Killed an orc warlord
 21616 | Orc:1    | Reached skill level 5 in Conjurations
 22009 | Orc:2    | Entered Level 2 of the Orcish Mines
 22009 | Orc:2    | Noticed an orc warlord
 22026 | Orc:2    | Killed an orc warlord
 22027 | Orc:2    | Reached skill level 1 in Staves
 22031 | Orc:2    | Offered knowledge of Eringya's Noxious Bog by Vehumet.
 22210 | Orc:2    | Reached skill level 10 in Polearms
 22210 | Orc:2    | Reached skill level 1 in Earth Magic
 22235 | Orc:2    | Found Ucunwi Efeu's Book Emporium.
 22235 | Orc:2    | Found Yxaefyc's General Store.
 22235 | Orc:2    | Found Guxizyurch's Weapon Shoppe.
 22537 | Orc:2    | Reached skill level 4 in Translocations
 22653 | Orc:2    | Found a staircase to the Elven Halls.
 22848 | Orc:2    | Found Lex Odgh's Weapon Emporium.
 22854 | Orc:2    | Bought a scroll of identify for 24 gold pieces
 22854 | Orc:2    | Identified a potion of resistance
 22855 | Orc:2    | Bought a potion of invisibility for 96 gold pieces
 22856 | Orc:2    | Bought 6 curare-tipped darts for 108 gold pieces
 22857 | Orc:2    | Bought Maxwell's Memoranda for 480 gold pieces
 22940 | Orc:2    | Found a shimmering blue altar of Sif Muna.
 22969 | Orc:2    | Got Sif Muna's Almanac of Metal
 23356 | D:14     | Reached skill level 11 in Spellcasting
 23533 | D:14     | Reached skill level 4 in Ice Magic
 23763 | D:14     | Reached skill level 2 in Throwing
 23998 | D:14     | Offered knowledge of Orb of Destruction by Vehumet.
 24179 | D:14     | Reached skill level 6 in Conjurations
 24354 | D:14     | Reached XP level 16. HP: 65/95 MP: 17/32
 24401 | D:14     | Reached skill level 1 in Hexes
 24417 | D:14     | Reached skill level 7 in Necromancy
 24684 | D:14     | Found a white marble altar of Elyvilon.
 24986 | D:15     | Entered Level 15 of the Dungeon
 25348 | D:15     | Found a staircase to the Depths.
 25364 | D:15     | Reached skill level 2 in Hexes
 25419 | D:15     | Learned a level 7 spell: Orb of Destruction
 25532 | D:15     | Reached skill level 8 in Necromancy
 26054 | D:15     | Found Plog's Distillery.
 26064 | D:15     | Bought a potion of degeneration for 14 gold pieces
 26064 | D:15     | Bought a potion of might for 56 gold pieces
 26417 | Shoals:1 | Entered Level 1 of the Shoals
 26757 | Shoals:1 | Identified the serpent talisman of Repulsion {rElec Will+
                  | Dex-5}
 26757 | Shoals:1 | Noticed Aizul
 26765 | Shoals:1 | Killed from afar by Aizul

Vanquished Creatures
  Gastronok (D:8)
  2 orc warlords
  Nessos (Lair:5)
  Azrael (D:13)
  Snorg (D:11)
  An ettin (D:15)
  A fire dragon (D:14)
  Harold (D:10)
  3 hydras
  A centaur warrior (D:14)
  A tengu warrior (D:15)
  3 catoblepae
  A boulder beetle (D:11)
  5 two-headed ogres
  6 death yaks
  4 orc high priests (Orc:2)
  2 skysharks (Lair:5)
  Sonja (Lair:5)
  A fire crab (D:11)
  A sea snake (Shoals:1)
  3 orc knights
  A deep elf zephyrmancer (D:14)
  2 necromancers
  A cyclops (D:13)
  3 manticores
  16 ugly things
  3 fauns (Shoals:1)
  4 black mambas
  2 merfolk sirens
  A black mamba (shapeshifter) (D:15)
  6 cane toads
  2 torpor snails
  Maggie (D:10)
  A rime drake (Lair:4)
  3 komodo dragons
  3 trolls
  A hornet (shapeshifter) (D:14)
  2 meliai (D:14)
  A polar bear (Lair:5)
  7 blink frogs
  12 dream sheep
  A snapping turtle (Shoals:1)
  A shadow (D:11)
  7 slime creatures
  A wraith (D:12)
  A centaur simulacrum (D:15)
  3 wyverns
  33 yaks
  4 fire elementals (D:13)
  A water elemental (D:14)
  3 basilisks
  A steam dragon (D:9)
  A vampire mosquito (D:10)
  2 nagas (Lair:3)
  10 water moccasins
  3 hell hounds (D:13)
  3 black bears
  22 orc warriors
  3 sky beasts
  4 ogres
  5 wolves (Lair:4)
  A centaur (D:8)
  A kobold brigand (D:8)
  A phantom (D:7)
  7 bullfrogs
  3 scorpions
  3 necrophages (Lair:3)
  8 killer bees
  4 howler monkeys
  6 electric eels
  2 jellies (D:8)
  25 orc priests
  2 hounds
  A sleepcap (D:5)
  A gnoll bouda (D:5)
  26 orc wizards
  4 iguanas
  7 gnolls
  4 adders
  3 ufetubi (D:5)
  3 dart slugs
  58 orcs
  7 ball pythons
  7 endoplasms
  2 giant cockroaches
  6 hobgoblins
  5 jackals
  9 kobolds
  A quokka (D:1)
  2 bats
  2 frilled lizards (D:1)
  6 goblins
  6 rats
445 creatures vanquished.

Vanquished Creatures (collateral kills)
  An entropy weaver (shapeshifter) (D:13)
  2 hydras
  An ogre mage (D:12)
  3 catoblepae (Lair:5)
  A centaur warrior (D:15)
  2 boulder beetles
  7 two-headed ogres
  3 death yaks
  An occultist (D:15)
  3 skeletal warriors (D:14)
  A sea snake (Shoals:1)
  3 necromancers
  An orc knight (D:15)
  2 cyclopes
  3 orc sorcerers
  2 deep elf pyromancers
  8 ugly things
  2 manticores
  3 black mambas
  A torpor snail (Lair:3)
  3 cane toads
  3 rime drakes
  An efreet (D:13)
  A freezing wraith (D:14)
  A komodo dragon (Lair:2)
  A meliai (D:14)
  3 trolls
  A tengu conjurer (D:13)
  A polar bear (Lair:5)
  2 blink frogs (Lair:5)
  A centaur simulacrum (D:15)
  7 slime creatures
  A vampire (D:14)
  36 yaks
  2 shadows
  5 water elementals (D:14)
  A wyvern (shapeshifter) (D:14)
  5 wraiths
  A fire elemental (D:13)
  3 basilisks
  2 wargs
  Edmund (D:6)
  A steam dragon (D:8)
  2 vampire mosquitoes (D:10)
  A naga (Lair:3)
  4 water moccasins
  Duvessa (D:7)
  3 black bears
  12 orc warriors
  A sky beast (D:7)
  An ice beast (D:5)
  2 centaurs
  4 ogres
  2 phantoms
  A kobold brigand (D:8)
  2 necrophages (Lair:3)
  6 bullfrogs
  A scorpion (D:6)
  Dowan (D:7)
  8 killer bees
  3 howler monkeys
  A hound (D:5)
  A gnoll bouda (D:5)
  7 orc priests
  Crazy Yiuf (D:5)
  Natasha (thrice) (D:4)
  An iguana (D:7)
  6 orc wizards
  An adder (D:4)
  14 gnolls
  A shadow imp (D:6)
  An ufetubus (D:5)
  2 worms
  24 orcs
  2 giant cockroaches (D:4)
  A goblin (D:3)
  5 kobolds
259 creatures vanquished.

Vanquished Creatures (others)
  A manticore (Lair:5)
  A wyvern (Lair:3)
  A butterfly (D:14)
3 creatures vanquished.

Grand Total: 707 creatures vanquished

Table legend: (Time is in decaauts)
 A = Elapsed time spent in this place.
 B = Non-inter-level travel time spent in this place.
 C = Inter-level travel time spent in this place.
 D = Time resting spent in this place.
 E = Time spent auto-exploring this place.
 F = Levels seen in this place.
 G = Mean time per level.
                   A        B        C        D        E       F      G
               +--------+--------+--------+--------+--------+-----+--------+
         Total |  26971 |  25427 |   1544 |   1802 |  17750 |  26 | 1037.3 |
       Dungeon |  17212 |  16332 |    880 |    927 |  11660 |  15 | 1147.5 |
        Temple |     92 |     36 |     56 |      0 |     34 |   1 |   92.0 |
          Lair |   6670 |   6180 |    490 |    333 |   4492 |   5 | 1334.0 |
        Shoals |    251 |    248 |      3 |      5 |    149 |   1 |  251.0 |
    Slime Pits |    101 |    101 |      0 |    100 |      0 |   1 |  101.0 |
  Orcish Mines |   1931 |   1817 |    114 |    205 |   1108 |   2 |  965.5 |
        Bailey |    709 |    709 |      0 |    232 |    307 |   1 |  709.0 |
               +--------+--------+--------+--------+--------+-----+--------+

Top non-repeatable levels by time:
  Lair:5: 1968 daAuts
    D:14: 1792 daAuts
  Lair:2: 1472 daAuts
    D:11: 1467 daAuts
     D:8: 1440 daAuts
     D:7: 1395 daAuts
     D:4: 1372 daAuts
    D:13: 1352 daAuts
  Lair:4: 1327 daAuts
    D:12: 1321 daAuts
    D:15: 1302 daAuts
   Orc:2: 1100 daAuts
     D:9: 1094 daAuts
     D:6: 986 daAuts
  Lair:3: 973 daAuts

Table legend:
 A = Non-vault XP
 B = Vault XP
 C = Vault XP percentage of total XP
 D = Non-vault monster count
 E = Vault monster count
 F = Vault count percentage of total count
                 A         B        C        D         E       F
            +---------+---------+-------+---------+---------+-------
      Total |  107831 |   43358 |  28.7 |     546 |     159 |  22.6
            +---------+---------+-------+---------+---------+-------
        D:1 |      22 |       0 |   0.0 |      13 |       0 |   0.0
        D:2 |      51 |       0 |   0.0 |      21 |       0 |   0.0
        D:3 |     126 |       0 |   0.0 |      21 |       0 |   0.0
        D:4 |     907 |      52 |   5.4 |      19 |       3 |  13.6
        D:5 |    1051 |      40 |   3.7 |      33 |       1 |   2.9
        D:6 |     723 |     178 |  19.8 |      20 |       1 |   4.8
        D:7 |    1180 |     214 |  15.4 |      16 |       2 |  11.1
        D:8 |    3998 |    1435 |  26.4 |      35 |       1 |   2.8
        D:9 |    3038 |       0 |   0.0 |      16 |       0 |   0.0
       D:10 |    2018 |    1252 |  38.3 |      26 |       2 |   7.1
       D:11 |    5362 |    2565 |  32.4 |      24 |       4 |  14.3
       D:12 |    9238 |       0 |   0.0 |      21 |       0 |   0.0
       D:13 |    3214 |    7282 |  69.4 |       8 |      16 |  66.7
       D:14 |   18417 |    3491 |  15.9 |      45 |       6 |  11.8
       D:15 |    9200 |    3536 |  27.8 |      21 |       5 |  19.2
     Lair:1 |    1361 |     306 |  18.4 |       9 |       2 |  18.2
     Lair:2 |    6907 |    1215 |  15.0 |      22 |       5 |  18.5
     Lair:3 |    6961 |     922 |  11.7 |      24 |       8 |  25.0
     Lair:4 |    7184 |    1066 |  12.9 |      29 |       2 |   6.5
     Lair:5 |   13460 |   13038 |  49.2 |      40 |      27 |  40.3
   Shoals:1 |    4924 |       0 |   0.0 |       9 |       0 |   0.0
      Orc:1 |    5796 |       0 |   0.0 |      42 |       0 |   0.0
      Orc:2 |    2693 |    6478 |  70.6 |      32 |      54 |  62.8
     Bailey |       0 |     288 | 100.0 |       0 |      20 | 100.0
            +---------+---------+-------+---------+---------+-------
